 Dungeon Crawl Stone Soup version 0.18-a0-596-g6468885 (webtiles) character file.

1315 4thArraOfDagon the Cleaver (level 8, 1/73 HPs)
             Began as a Hill Orc Fighter on Dec 3, 2015.
             Was an Initiate of Gozag.
             Quit the game on level 8 of the Dungeon.
             The game lasted 00:11:01 (2178 turns).

4thArraOfDagon the Cleaver (Hill Orc Fighter)       Turns: 2178, Time: 00:11:01

Health: 1/73       AC: 14    Str: 24    XL:     8   Next: 58%
Magic:  8/8        EV: 13    Int: 15    God:    Gozag
Gold:   75         SH:  0    Dex: 15    Spells: 0 memorised, 7 levels left

rFire  . . .     SeeInvis .     a - +0 war axe
rCold  . . .     Clarity  .     d - +0 chain mail
rNeg   + . .     SustAt   .     (no shield)
rPois  .         Gourm    .     e - +0 helmet
rElec  .         Spirit   .     r - +0 cloak
rCorr  .         Dismiss  .     (no gloves)
rMut   .         Stasis   .     m - +0 pair of boots
MR     .....                    (no amulet)
Stlth  ..........               t - ring of positive energy
                                f - ring of loudness (curse)

@: mighty, brilliant, agile, lethally poisoned (1 -> -5), very slightly
contaminated, hasted, very quick, not resistant to hostile enchantments,
extremely unstealthy
A: no striking features
a: Potion Petition, Call Merchant, Bribe Branch, Renounce Religion


You were on level 8 of the Dungeon.
You worshipped Gozag.
Gozag was noncommittal.
You were hungry.

You visited 1 branch of the dungeon, and saw 9 of its levels.

You collected 517 gold pieces.
You paid 442 gold pieces to Gozag.

Inventory:

Hand Weapons
 a - a +0 war axe (weapon)
Armour
 c - a +0 shield
 d - a +0 chain mail (worn)
 e - a +0 helmet (worn)
 m - a +0 pair of boots (worn)
 r - a +0 cloak (worn)
Jewellery
 f - a cursed ring of loudness (left hand)
 t - a ring of positive energy (right hand)
Wands
 o - a wand of random effects (1)
Scrolls
 b - a scroll of enchant weapon {unknown}
 g - a scroll of teleportation
 h - 5 scrolls of identify {unknown}
 i - 4 scrolls of fear {unknown}
 j - 2 scrolls of recharging {unknown}
 k - a scroll of immolation {unknown}
 l - 4 scrolls of remove curse
 n - a scroll of blinking {unknown}
 x - a scroll of enchant armour {unknown}
 y - a scroll of magic mapping {unknown}
Potions
 z - a potion of might
Books
 w - a book of Clouds

   Spells                             Type                      Level
   a - Mephitic Cloud                 Conjuration/Poison/Air       3
   b - Conjure Flame                  Conjuration/Fire             3
   c - Poisonous Cloud                Conjuration/Poison/Air       6
   d - Freezing Cloud                 Conjuration/Ice/Air          6
   e - Ring of Flames                 Charms/Fire                  7
Comestibles
 u - 11 fruits
 A - a slice of pizza
 B - a meat ration


   Skills:
 + Level 7.0 Fighting
 * Level 9.9 Axes
 + Level 6.3 Armour
 - Level 3.2 Shields


You had 7 spell levels left.
You didn't know any spells.

Dungeon Overview and Level Annotations

Branches:
Dungeon (9/15)             Temple (0/1) D:6
   Lair: D:8-11         Orc: D:9-12

Altars:
Gozag
Qazlal

Shops:
D:4 (

Annotations:
D:3 benitares's ghost, amateur TrMo
D:8 Grum


Message History

You kill the big kobold!
Your Fighting skill increases to level 7!
* * * LOW HITPOINT WARNING * * *
You feel sick.
Unknown command.
Unknown command.
* * * LOW HITPOINT WARNING * * *
You feel sick.
You see here 13 gold pieces.
Unknown command.
* * * LOW HITPOINT WARNING * * *
You feel sick.
Things that are here:
5 gold pieces; a robe Unknown command.
Things that are here:
13 gold pieces; a dagger; a short sword Unknown command.
Enter note: :) Are you sure you want to abandon this character and quit the game? (Confirm with "yes".)

############
.......$(..#
.......$.$.#
.......$@$.#
................
$
...........#....
.......#####....
####### ... ..
###########
#..........
+...r......


There were no monsters in sight!

Vanquished Creatures
  2 ogres
  An ice beast (D:8)
  A phantom (D:8)
  2 centaurs
  A big kobold (D:8)
  5 giant frogs
  2 scorpions
  3 crimson imps
  A centaur skeleton (D:7)
  2 orc wizards
  An orc priest (D:6)
  A worker ant (D:7)
  3 gnolls (D:6)
  2 adders (D:6)
  A shadow imp (D:6)
  An adder skeleton (D:5)
  12 orcs
  2 bats
  2 giant cockroaches (D:5)
  A goblin (D:3)
  3 hobgoblins
  2 jackals (D:6)
  9 kobolds
  2 quokkas
  A ball python (D:3)
  A giant gecko (D:2)
  A giant newt (D:6)
  A rat (D:1)
66 creatures vanquished.

Notes
Turn   | Place    | Note
--------------------------------------------------------------
     0 | D:1      | 4thArraOfDagon the Hill Orc Fighter began the quest for the Orb.
     0 | D:1      | Reached XP level 1. HP: 19/19 MP: 1/1
   140 | D:2      | Reached XP level 2. HP: 9/26 MP: 2/2
   281 | D:3      | Noticed benitares's ghost (amateur TrMo)
   312 | D:4      | Noticed a scorpion
   498 | D:4      | Found Maps's Antique Weapon Boutique.
   501 | D:4      | :)
   591 | D:4      | Noticed a centaur
   597 | D:4      | Killed a centaur
   597 | D:4      | Reached skill level 4 in Fighting
   597 | D:4      | Reached XP level 3. HP: 6/33 MP: 3/3
   597 | D:4      | Reached XP level 4. HP: 7/40 MP: 4/4
   619 | D:4      | Reached skill level 5 in Axes
   631 | D:3      | Found an opulent altar of Gozag.
   658 | D:3      | Became a worshipper of Gozag Ym Sagoz the Greedy
   696 | D:5      | Entered Level 5 of the Dungeon
   703 | D:5      | Noticed a giant frog
   708 | D:4      | Reached XP level 5. HP: 27/47 MP: 5/5
   963 | D:5      | Found a stormy altar of Qazlal.
  1159 | D:6      | Reached skill level 6 in Axes
  1183 | D:6      | Reached skill level 5 in Fighting
  1183 | D:6      | Reached XP level 6. HP: 38/56 MP: 6/6
  1215 | D:5      | Noticed a water moccasin
  1309 | D:6      | Reached skill level 7 in Axes
  1362 | D:6      | Found a stormy altar of Qazlal.
  1498 | D:6      | Reached skill level 5 in Armour
  1498 | D:6      | Reached XP level 7. HP: 51/61 MP: 7/7
  1511 | D:6      | Reached skill level 8 in Axes
  1518 | D:6      | Found a staircase to the Ecumenical Temple.
  1899 | D:7      | Reached XP level 8. HP: 70/70 MP: 8/8
  1928 | D:7      | Reached skill level 9 in Axes
  2042 | D:9      | Noticed a fire drake
  2161 | D:8      | Noticed Grum
  2174 | D:8      | HP: 3/73 [poisoned by a kobold]
  2176 | D:8      | HP: 1/73 [poisoned by a kobold]
  2178 | D:8      | :)
  2178 | D:8      | Quit the game

Vault maps used:
D:1:      dpeg_arrival_shelter, minmay_strange_pillars
D:3:      overflow_temple_1_default, first_bread
D:4:      serial_shops, nicolae_shop_behind_doors, minmay_rat_hole
D:5:      nicolae_qazlal_eye_of_the_storm
D:6:      kennysheep_little_box, minmay_temple_entry_purple_smoke,
          dk_vineyard_2, minmay_misc_feat_x
D:8:      kennysheep_blocky_hall, uniq_maurice, uniq_psyche, uniq_grum
D:9:      minmay_lair_entry_lava, david_orc_4, hangedman_tell_no_tales,
          uniq_gastronok

Action                   |  1- 3 |  4- 6 |  7- 9 || total
-------------------------+-------+-------+-------++-------
Melee: War axe           |    47 |    99 |    90 ||   236
Invok: Potion Petition   |       |     1 |     1 ||     2
Evoke: Wand              |       |       |     9 ||     9
  Use: Scroll            |     2 |       |     1 ||     3
       Potion            |     1 |     1 |     4 ||     6
  Eat: Bread ration      |       |     1 |       ||     1
